AoeStats
← CNZS_98T

Arabian Desert

510418277Analyzed
1v1 RM · 2d ago on Sep 30, 2026· 30m 16s· 2 players
Game mode
Random Map
Map size
Tiny (2 player)
Population
200
Speed
Normal
Resources
Standard
Victory
Conquest
Starting age
Dark Age
Ending age
Imperial Age
RankedLock teamsTeams togetherTeam positionsShared explorationLock speedFull tech treeHidden civsTurbo modeCheats
Victory
Defeat
🇳🇱 Vietnamese · Netherlands
2526
+3
🇩🇴 Tupi · Dominican Republic
2132
-3
CNZS_98T
6:35 Loom
9:20 Feudal Age
9:52 Double-Bit Axe
11:07 Horse Collar
13:51 Fletching
18:28 Bloodlines
19:55 Wheelbarrow
23:11 Castle Age
21:24 Gold Mining
22:14 Padded Archer Armor
23:25 Town Watch
23:15 Elite Skirmisher
23:52 Bodkin Arrow
24:15 Crossbowman
25:12 Bow Saw
25:44 Leather Archer Armor
27:52 Ballistics
30:19 Heavy Plow
RD | Lina
7:21 Loom
9:44 Feudal Age
9:44 Champi Runner
10:44 Double-Bit Axe
15:27 Padded Archer Armor
15:19 Fletching
16:12 Padded Archer Armor
23:16 Castle Age
23:19 Crossbowman
23:55 Bodkin Arrow
25:25 Ballistics
27:24 Elite Skirmisher
Connection lost

Rejoining the realm…

Still unreachable

The connection could not be restored.

Session expired

The server has moved on; the page needs a fresh start.